 Dungeon Crawl Stone Soup version 0.21-a0-274-gc1afaeb (webtiles) character file.

336 motkurip the Skirmisher (level 6, -4/45 HPs)
             Began as a Gargoyle Monk on Sept 19, 2017.
             Killed by nerve-wracking pain
             ... invoked by Velros's ghost
              (6 damage)
             ... on level 4 of the Dungeon.
             The game lasted 00:07:54 (1831 turns).

motkurip the Skirmisher (Gargoyle Monk)             Turns: 1831, Time: 00:07:54

Health: -4/45      AC: 15    Str: 15    XL:     6   Next: 54%
Magic:  6/6        EV:  7    Int: 11    God:
Gold:   156        SH:  0    Dex: 13    Spells: 5/5 levels left

rFire    . . .     SeeInvis .   j - +0 rapier
rCold    . . .     Gourm    .   (no shield)
rNeg     + . .     Faith    .   d - +0 chain mail
rPois    ∞         Spirit   .   (no helmet)
rElec    +         Reflect  .   (no cloak)
rCorr    .         Harm     .   (no gloves)
MR       .....     Rnd*Rage +   o - +1 pair of boots
Stlth    ..........             (no amulet)
HPRegen  0.15/turn              (no ring)
MPRegen  0.10/turn              (no ring)

@: no status effects
A: talons 1, berserk 1, high mp 1, negative energy resistance 1, robust 1,
electricity resistance, unbreathing, petrification resistance, rot immunity, AC
+4
a: no special abilities


You were on level 4 of the Dungeon.
You were not hungry.

You visited 1 branch of the dungeon, and saw 4 of its levels.

You collected 156 gold pieces.

Inventory:

Hand Weapons
 j - a +0 rapier (weapon)
Armour
 a - a +0 robe
 d - a +0 chain mail (worn)
 o - a +1 pair of boots (worn)
Wands
 c - a wand of random effects (9/48)
Scrolls
 e - a scroll of fog {unknown}
 g - a scroll of amnesia {unknown}
 h - 2 scrolls of magic mapping {unknown}
 i - a scroll of remove curse {unknown}
 k - 2 scrolls of blinking {unknown}
 l - a scroll of identify {unknown}
 m - 3 scrolls of teleportation {unknown}
 n - a scroll of recharging {unknown}
 r - a scroll of fear {unknown}
Comestibles
 b - 3 bread rations
 f - 5 fruits
 p - 2 royal jellies


   Skills:
 + Level 5.8 Fighting
 + Level 3.9 Armour
 - Level 2.4 Dodging
 - Level 2.1 Stealth
 - Level 4.0 Unarmed Combat


You had 5 spell levels left.
You didn't know any spells.

Dungeon Overview and Level Annotations

Branches:
Dungeon (4/15)
 Temple: D:4-7

Altars:
Okawaru
Sif Muna

Annotations:
D:4 Velros's ghost, novice TeNe


Innate Abilities, Weirdness & Mutations

You are resistant to torment.
Your stone body is resilient. (AC +4)
You are immune to poison.
You resist negative energy. (rN+)
You are resistant to electric shocks. (rElec)
You can survive without breathing.
You are immune to petrification.
You are immune to rotting.
You have sharp toenails.
You tend to lose your temper in combat.
You have an increased reservoir of magic. (+10% MP)
You are robust. (+10% HP)


Message History

Your chain mail prevents you from hitting something.
Something hits you.
* * * LOW HITPOINT WARNING * * *
Something hits you but does no damage.
Your chain mail prevents you from hitting something.
Something hits you but does no damage. x2
You barely miss something. Your punch misses something.
Something hits you but does no damage.
You hit something but do no damage.
You hear some strange, mumbled words.
Pain shoots through your body!
* * * LOW HITPOINT WARNING * * *
Something hits you but does no damage.
You miss something.
You hear some strange, mumbled words.
You are unaffected.
Something hits you but does no damage.
You hit something.
You hear some strange, mumbled words.
Pain shoots through your body!
You die...

.#......#.######.#....#
.#.##...#.######.#.#.###
#.....................##
#......##.#####.#.#....########
#####.###.# #.########........
#.###.# #.#P≈.≈..#.#...... #
#..##.####.#.≈≈≈.l#.#.##### #
##.##....{.#≈≈#####.#.#≈.≈≈ #
#.#######@#≈.#.....#.#.≈.≈ #
#.# #.#≈≈#######.#.P.. # #.#
#.#.≈.≈≈.# #.#≈≈≈≈ # #.#
#.#≈≈P≈≈.# #.##### # #.#
#.#..l≈P.# #.# .# # #.#
#.#####≈≈# #.# .# ########.#
###.....#≈≈# #.###.# .........#
#...#####..###.....# ##########
#.###b≈.≈≈P#.......#


There were no monsters in sight!

Vanquished Creatures
  An ogre (D:4)
  3 worker ants (D:4)
  A killer bee zombie (D:4)
  A hound skeleton (D:4)
  4 gnolls (D:4)
  5 adders
  An ooze (D:1)
  An adder skeleton (D:4)
  2 worms (D:4)
  A dart slug (D:1)
  2 leopard geckos (D:3)
  4 orcs
  4 giant cockroaches
  6 goblins
  6 hobgoblins
  3 jackals (D:4)
  3 quokkas
  2 bats
  3 frilled lizards
  4 kobolds (D:1)
  4 rats
61 creatures vanquished.

Vanquished Creatures (others)
  3 fungi (D:4)
3 creatures vanquished.

Grand Total: 64 creatures vanquished

Notes
Turn   | Place    | Note
-------+----------+-------------------------------------------
     0 | D:1      | motkurip the Gargoyle Monk began the quest for the Orb.
     0 | D:1      | Reached XP level 1. HP: 14/14 MP: 1/1
   176 | D:1      | Reached XP level 2. HP: 10/19 MP: 2/2
   395 | D:1      | Reached XP level 3. HP: 20/24 MP: 3/3
   827 | D:3      | Reached skill level 4 in Fighting
   827 | D:3      | Reached XP level 4. HP: 28/29 MP: 4/4
   835 | D:3      | Reached skill level 1 in Armour
   872 | D:3      | Found a deep blue altar of Sif Muna.
  1137 | D:4      | Reached XP level 5. HP: 31/34 MP: 5/5
  1157 | D:4      | Gained mutation: You are robust. (+10% HP) [potion of mutation]
  1157 | D:4      | Gained mutation: You have an increased reservoir of magic. (+10% MP) [potion of mutation]
  1157 | D:4      | Gained mutation: You tend to lose your temper in combat. [potion of mutation]
  1157 | D:4      | Gained mutation: You have sharp toenails. [potion of mutation]
  1346 | D:4      | Found an iron altar of Okawaru.
  1383 | D:4      | Reached skill level 5 in Fighting
  1629 | D:4      | Reached XP level 6. HP: 44/44 MP: 6/6
  1684 | D:4      | Noticed a phantom
  1699 | D:4      | HP: 2/45 [hound skeleton (2)]
  1812 | D:4      | Noticed Velros's ghost (novice TeNe)
  1829 | D:4      | HP: 2/45 [something/nerve-wracking pain (4)]
  1831 | D:4      | Killed from afar by Velros's ghost

Vault maps used:
D:1:      dpeg_arrival_tiny_b
D:2:      minmay_kobold_bridge
D:3:      lemuel_round_altar, lemuel_crystal_altar, first_bread
D:4:      serial_aquarium, aquarium_bridge_straight, aquarium_window_2,
          aquarium_window_corner, aquarium_view_2b, aquarium_balcony_double_3,
          aquarium_pool_corner, corexii_item_surrounded_by_moat,
          okawaru_altar_gauntlet_db

Skill      XL: |  1  2  3  4  5 |
---------------+----------------+-----
Unarmed Combat | 4 |  4.0
Fighting       | 4 5 |  5.8
Armour         | 2 3 |  3.9
Dodging        | |  2.4
Stealth        | |  2.1

Action                   |  1- 3 |  4- 6 || total
-------------------------+-------+-------++-------
Melee: Unarmed           |   115 |       ||   115
       Punch             |     2 |     1 ||     3
       Rapier            |    25 |   197 ||   222
Evoke: Wand              |       |     8 ||     8
  Use: Potion            |       |     2 ||     2
  Eat: Chunk             |       |     4 ||     4
Armor: Chain mail        |    81 |   179 ||   260
       Robe              |     4 |       ||     4
Dodge: Dodged            |    51 |   102 ||   153

Table legend:
 A = Spawn XP
 B = Non-spawn XP
 C = Spawn XP percentage of total XP
 D = Spawn monster count
 E = Non-spawn monster count
 F = Spawn count percentage of total count
 G = Total turns spent on level
                    A         B        C        D         E        F      G
               +---------+---------+-------+---------+---------+-------+---------
         Total |       0 |     481 |   0.0 |       0 |      61 |   0.0 |  1831
               +---------+---------+-------+---------+---------+-------+---------
           D:1 |       0 |      47 |   0.0 |       0 |      18 |   0.0 |   399
           D:2 |       0 |      14 |   0.0 |       0 |       9 |   0.0 |   282
           D:3 |       0 |      65 |   0.0 |       0 |      14 |   0.0 |   505
           D:4 |       0 |     355 |   0.0 |       0 |      20 |   0.0 |   645
               +---------+---------+-------+---------+---------+-------+---------
